AoeStats
← Z

Arabia

503262448Analyzed
1v1 RM · 1mo ago on Aug 30, 2026· 58m 25s· 2 players
Game mode
Random Map
Map size
Tiny (2 player)
Population
200
Speed
Normal
Resources
Standard
Victory
Conquest
Starting age
Dark Age
Ending age
Imperial Age
RankedLock teamsTeams togetherTeam positionsShared explorationLock speedFull tech treeHidden civsTurbo modeCheats
Victory
Defeat
🇨🇳 Maya · China
1600
+15
🇨🇴 Byzantines · Colombia
1569
-15
AoE2 ANGEL
6:45 Loom
8:55 Feudal Age
9:49 Double-Bit Axe
10:24 Horse Collar
14:24 Fletching
17:17 Padded Archer Armor
20:45 Castle Age
20:06 Padded Archer Armor
20:57 Elite Skirmisher
21:34 Bodkin Arrow
23:02 Wheelbarrow
23:44 Stone Mining
27:56 Hand Cart
28:21 Bow Saw
30:09 Forging
32:52 Imperial Age
30:49 Scale Barding Armor
31:58 Gold Mining
32:21 Husbandry
32:44 Chain Barding Armor
33:29 Iron Casting
34:42 Bracer
35:45 Ballistics
36:26 Chemistry
36:53 Leather Archer Armor
38:34 Plate Barding Armor
39:31 Ring Archer Armor
40:44 Conscription
41:53 Logistica
45:07 Elite Cataphract
46:11 Light Cavalry
Z
0:27 Loom
9:26 Feudal Age
9:59 Double-Bit Axe
9:57 Horse Collar
13:07 Fletching
15:00 Wheelbarrow
16:51 Town Watch
22:01 Castle Age
20:31 Gold Mining
21:42 Padded Archer Armor
22:34 Elite Skirmisher
23:10 Bodkin Arrow
23:25 Bow Saw
23:39 Eagle Warrior
25:18 Heavy Plow
25:50 Squires
26:20 Stone Mining
27:11 Scale Mail Armor
29:37 Hand Cart
34:03 Imperial Age
31:50 Chain Mail Armor
31:46 Forging
34:03 Stone Shaft Mining
34:58 Iron Casting
34:39 Leather Archer Armor
34:40 Masonry
35:18 Bracer
35:47 Conscription
34:48 Elite Plumed Archer
36:02 Thumb Ring
36:27 Leather Archer Armor
37:22 Arson
38:11 Plate Mail Armor
39:58 Architecture
40:56 Blast Furnace
40:27 Ring Archer Armor
39:31 Capped Ram
40:12 Elite Eagle Warrior
41:06 Siege Ram
43:03 Chemistry
48:52 Holcans
49:43 Ballistics
49:03 Treadmill Crane
54:21 Guilds
54:51 Hul'che Javelineers
58:17 Pikeman
Connection lost

Rejoining the realm…

Still unreachable

The connection could not be restored.

Session expired

The server has moved on; the page needs a fresh start.